 Dungeon Crawl Stone Soup version 0.27.1-4-g1640c2035a (webtiles) character file.

Game seed: 17768651010950320975

9910 Crownlay the Carver (level 11, -2/148 HPs)
             Began as a Minotaur Berserker on Nov 6, 2021.
             Was an Elder of Trog.
             Slain by a skeletal warrior (15 damage)
             ... on level 10 of the Dungeon.
             The game lasted 00:21:33 (11920 turns).

Crownlay the Carver (Minotaur Berserker)           Turns: 11920, Time: 00:21:34

Health: -2/148     AC: 14    Str: 24    XL:     11   Next: 29%
Magic:  10/10      EV:  9    Int:  4    God:    Trog [****..]
Gold:   648        SH:  0    Dex: 17    Spells: 10/10 levels left

rFire    . . .     SeeInvis .   D - +0 long sword
rCold    . . .     Faith    .   (no shield)
rNeg     . . .     Spirit   .   m - +0 chain mail
rPois    .         Reflect  .   (helmet restricted)
rElec    .         Harm     .   r - +0 cloak
rCorr    .         Rampage  .   e - +0 pair of gloves
Will     +....                  f - +0 pair of boots
Stlth    ..........             (no amulet)
HPRegen  0.34/turn              F - +6 ring of dexterity
MPRegen  0.12/turn              C - ring of willpower

@: berserking, very quick
A: horns 2, retaliatory headbutt
a: Renounce Religion, Berserk, Trog's Hand, Brothers in Arms


You were on level 10 of the Dungeon.
You worshipped Trog.
Trog was greatly pleased with you.
You visited 1 branch of the dungeon, and saw 11 of its levels.
You also visited: Sewer and Ossuary.

You collected 648 gold pieces.

Inventory:

Hand Weapons
 D - a +0 long sword (weapon)
 P - a +4 trident of venom
Missiles
 a - a throwing net (quivered)
 s - 2 atropa-tipped darts
Armour
 e - a +0 pair of gloves (worn)
 f - a +0 pair of boots (worn)
 m - a +0 chain mail (worn)
 r - a +0 cloak (worn)
Jewellery
 C - a ring of willpower (right hand)
 F - a +6 ring of dexterity (left hand)
Wands
 E - a wand of iceblast (7)
 I - a wand of flame (53)
 L - a wand of acid (12)
Scrolls
 g - a scroll of torment
 i - 10 scrolls of teleportation
 k - 2 scrolls of vulnerability
 l - a scroll of identify
 q - 3 scrolls of summoning
 v - a scroll of acquirement {unknown}
 x - a scroll of enchant armour {unknown}
 y - 2 scrolls of immolation {unknown}
 A - 3 scrolls of noise
 B - 2 scrolls of fog {unknown}
 G - a scroll of amnesia {unknown}
 J - 3 scrolls of enchant weapon {unknown}
 N - a scroll of holy word {unknown}
Potions
 b - 2 potions of magic {unknown}
 c - 9 potions of heal wounds
 d - 3 potions of degeneration {unknown}
 h - 5 potions of haste
 j - 5 potions of attraction
 n - 3 potions of mutation {unknown}
 o - 2 potions of invisibility {unknown}
 p - a potion of might {unknown}
 t - 5 potions of curing
 u - a potion of cancellation {unknown}
 w - 2 potions of berserk rage {unknown}
 z - 3 potions of flight {unknown}
 H - 2 potions of lignification {unknown}
 M - a potion of resistance {unknown}
 O - 2 potions of brilliance {unknown}
Miscellaneous
 K - a piece from Xom's chessboard (15/15)


   Skills:
 - Level 10.0 Fighting
 - Level 14.0 Long Blades
 + Level 6.7 Throwing
 - Level 8.0 Armour
 - Level 2.1 Dodging
 - Level 5.0 Evocations


You had 10 spell levels left.
You didn't know any spells.
Your spell library was empty.

Dungeon Overview and Level Annotations

Branches:
Dungeon (11/15)            Temple (0/1) D:5            Lair (0/6) D:10
  Sewer (visited)         Ossuary (visited)
    Orc: D:9-12

Altars:
Ashenzari
Cheibriados
Elyvilon
Fedhas
Makhleb
Nemelex Xobeh
Okawaru
Qazlal
Trog
Wu Jian
Yredelemnul
The Shining One

Shops:
D:8 (


Innate Abilities, Weirdness & Mutations

You have a pair of horns on your head.
You reflexively headbutt those who attack you in melee.


Message History

The skeletal warrior hits you with a +0 dire flail!
You hit the skeletal warrior.
Your headbutt misses the skeletal warrior.
The skeletal warrior is heavily damaged.
The skeletal warrior hits you with a +0 dire flail!!
You hit the skeletal warrior but do no damage.
Your headbutt misses the skeletal warrior.
The skeletal warrior is heavily damaged.
You hit the skeletal warrior.
The skeletal warrior is heavily damaged.
The skeletal warrior hits you with a +0 dire flail!
You hit the skeletal warrior but do no damage.
You headbutt the skeletal warrior!
The skeletal warrior is heavily damaged.
You closely miss the skeletal warrior. You headbutt the skeletal warrior!
The skeletal warrior is severely damaged.
The skeletal warrior hits you with a +0 dire flail!
* * * LOW HITPOINT WARNING * * *
You hit the skeletal warrior but do no damage.
Your headbutt misses the skeletal warrior.
The skeletal warrior is severely damaged.
You barely miss the skeletal warrior.
Your headbutt misses the skeletal warrior.
The skeletal warrior is severely damaged.
The skeletal warrior hits you with a +0 dire flail!
* * * LOW HITPOINT WARNING * * *
You hit the skeletal warrior but do no damage.
The skeletal warrior is severely damaged.
You barely miss the skeletal warrior.
The skeletal warrior is severely damaged.
The skeletal warrior hits you with a +0 dire flail.
* * * LOW HITPOINT WARNING * * *
You barely miss the skeletal warrior.
Your headbutt misses the skeletal warrior.
The skeletal warrior is severely damaged.
You hit the skeletal warrior but do no damage.
You headbutt the skeletal warrior, but do no damage.
The skeletal warrior is severely damaged.
The skeletal warrior hits you with a +0 dire flail!
You die...

#########
####
#z......#
#...
#@....<.#
#..#
#.......#
#..#
#.......#
#..#
#.......#
#..#
#.......#
#..#
#..)....#
#..#
#..)[)..#
#..#
#..)....#
#..#
#....)..#
#..#


You could see a skeletal warrior.

Vanquished Creatures
  Harold (D:7)
  4 two-headed ogres
  A kobold demonologist (D:9)
  A komodo dragon (D:10)
  Maggie (D:7)
  A troll (D:5)
  3 yaks (D:10)
  A steam dragon (D:6)
  Menkaure (D:6)
  A water moccasin (D:7)
  An acid dragon (D:10)
  Duvessa (D:5)
  3 orc warriors
  2 necrophages
  2 black bears (D:5)
  An ice beast (D:6)
  6 ogres
  5 centaurs
  2 bullfrogs
  4 gnoll sergeants
  8 scorpions
  Dowan (D:5)
  A wyvern skeleton (D:7)
  11 killer bees
  2 howler monkeys
  5 centaur zombies
  5 human zombies (Ossuary)
  3 hounds
  3 gnoll shamans (D:6)
  4 jellies
  3 orc priests
  An iron imp (D:8)
  2 iguanas (D:6)
  7 scorpion zombies
  5 orc wizards
  3 mummies (Ossuary)
  33 gnolls
  A howler monkey skeleton (D:4)
  3 adders
  8 river rats
  A shadow imp (D:8)
  A white imp (D:6)
  An ufetubus (D:5)
  A worm (D:2)
  A dart slug (D:4)
  27 orcs
  11 ball pythons
  6 endoplasms
  4 giant cockroaches
  5 hobgoblins
  18 kobolds
  3 quokkas
  2 bats
  A frilled lizard (D:1)
  5 gnoll zombies (Ossuary)
  3 goblins
  A goblin zombie (Ossuary)
  A hobgoblin zombie (Ossuary)
  A kobold zombie (Ossuary)
  An orc zombie (Ossuary)
  25 rats
270 creatures vanquished.

Vanquished Creatures (others)
  2 plants (D:10)
2 creatures vanquished.

Grand Total: 272 creatures vanquished

Notes
Turn   | Place    | Note
-------+----------+-------------------------------------------
     0 | D:1      | Crownlay the Minotaur Berserker began the quest for the
                  | Orb.
     0 | D:1      | Reached XP level 1. HP: 19/19 MP: 0/0
   213 | D:1      | Reached skill level 4 in Long Blades
   379 | D:1      | Reached XP level 2. HP: 20/26 MP: 1/1
   689 | D:2      | Found a faded altar of an unknown god.
  1100 | D:2      | Found an ornate altar of the Wu Jian Council.
  1630 | D:3      | Found a white marble altar of Elyvilon.
  1700 | D:3      | Reached skill level 5 in Long Blades
  1723 | D:3      | Reached XP level 3. HP: 31/31 MP: 2/2
  2292 | D:4      | Noticed an ogre
  2302 | D:4      | Killed an ogre
  2302 | D:4      | Reached ** piety under Trog
  2303 | D:4      | Reached skill level 6 in Long Blades
  2303 | D:4      | Reached XP level 4. HP: 39/39 MP: 3/3
  2417 | D:4      | Found a glowing golden altar of the Shining One.
  2420 | D:4      | Found an iron altar of Okawaru.
  2422 | D:4      | Found a sparkling altar of Nemelex Xobeh.
  2424 | D:4      | Found a blossoming altar of Fedhas.
  2424 | D:4      | Found an ornate altar of the Wu Jian Council.
  2457 | D:4      | Reached XP level 5. HP: 45/45 MP: 4/4
  2475 | D:4      | Reached skill level 7 in Long Blades
  2651 | D:4      | Found a glowing drain.
  2673 | Sewer    | Entered a sewer
  3040 | Sewer    | Reached *** piety under Trog
  3099 | Sewer    | Reached skill level 8 in Long Blades
  3146 | Sewer    | Reached XP level 6. HP: 46/51 MP: 5/5
  4163 | D:5      | Entered Level 5 of the Dungeon
  4219 | D:5      | Found a staircase to the Ecumenical Temple.
  4223 | D:5      | Reached skill level 9 in Long Blades
  4304 | D:5      | Noticed Duvessa
  4321 | D:5      | Killed Duvessa
  4322 | D:5      | Reached XP level 7. HP: 57/57 MP: 6/6
  4337 | D:5      | Noticed Dowan
  4361 | D:5      | Killed Dowan
  4362 | D:5      | Reached skill level 10 in Long Blades
  4584 | D:5      | Found a bloodstained altar of Trog.
  4740 | D:5      | Reached skill level 11 in Long Blades
  4827 | D:5      | Reached XP level 8. HP: 59/64 MP: 7/7
  4980 | D:5      | Noticed a troll
  4987 | D:5      | Killed a troll
  4988 | D:5      | Reached skill level 12 in Long Blades
  5564 | D:6      | Found a sand-covered staircase.
  5569 | Ossuary  | Entered an ossuary
  5912 | Ossuary  | Reached skill level 13 in Long Blades
  6081 | Ossuary  | Reached XP level 9. HP: 50/70 MP: 8/8
  6384 | D:6      | Reached skill level 14 in Long Blades
  6391 | D:6      | Reached skill level 1 in Evocations
  6442 | D:6      | Found a burning altar of Makhleb.
  6523 | D:6      | Noticed a two-headed ogre
  6534 | D:6      | Killed a two-headed ogre
  6674 | D:6      | Noticed Menkaure
  6680 | D:6      | Killed Menkaure
  6880 | D:6      | Reached **** piety under Trog
  7497 | D:7      | Reached skill level 5 in Evocations
  7578 | D:7      | Reached XP level 10. HP: 55/88 MP: 9/9
  7728 | D:7      | Noticed Maggie
  7742 | D:7      | Killed Maggie
  7743 | D:7      | Reached skill level 1 in Throwing
  7768 | D:7      | Noticed Harold
  7782 | D:7      | Killed Harold
  8038 | D:7      | Found a broken altar of Ashenzari.
  8213 | D:7      | Found a basalt altar of Yredelemnul.
  8550 | D:8      | Noticed a two-headed ogre
  8560 | D:8      | Killed a two-headed ogre
  8561 | D:8      | Reached skill level 5 in Armour
  8863 | D:8      | Found Celedghuodu's Weapon Shop.
  9447 | D:8      | Found a snail-covered altar of Cheibriados.
  9878 | D:9      | Noticed a sixfirhy
  9880 | D:9      | Noticed an orange demon
 10087 | D:9      | Noticed a two-headed ogre
 10094 | D:9      | Killed a two-headed ogre
 10095 | D:9      | Reached skill level 5 in Throwing
 10178 | D:9      | Reached skill level 10 in Fighting
 10178 | D:9      | Reached XP level 11. HP: 99/99 MP: 10/10
 10242 | D:9      | Found a stormy altar of Qazlal.
 10418 | D:9      | Noticed a two-headed ogre
 10431 | D:9      | Killed a two-headed ogre
 10696 | D:10     | Entered Level 10 of the Dungeon
 11037 | D:10     | Found a staircase to the Lair.
 11872 | D:11     | Noticed a skeletal warrior
 11888 | D:11     | Noticed a skeletal warrior
 11888 | D:11     | Noticed a skeletal warrior
 11920 | D:10     | Slain by a skeletal warrior

Illustrated notes

Levels and vault maps discovered:
D:1:      dpeg_arrival_lava_temple_mockup, layout_basic
D:2:      layout_loops_ring, basic_altar, hellmonk_ecumenical_altar_arch_garden,
          chequers_serial_rivers_micro_d
D:3:      layout_rooms, elyvilon_altar_4, chequers_serial_rivers_small_b
D:4:      layout_layer_cave, grunt_temple_overflow_open, portal_sewer_entry_e
D:5:      layout_basic, trog_ov_bears_minmay,
          minmay_temple_entry_statues_fountains, uniq_duvessa
D:6:      layout_loops_ring, bloody_makhleb, enter_ossuary_5, uniq_menkaure
D:7:      layout_loops_ring, mainiacjoe_overflow_surrounded_room,
          mainiacjoe_overflow_six_doors_small, uniq_harold, uniq_maggie
D:8:      layout_basic, slow_altar_2, grunt_ministairs_3, kennysheep_diamond
D:9:      layout_layer_cave, lemuel_coloured_pillars_altar,
          hangedman_abyss_or_decor_lesser_grid
D:10:     layout_long_grid, david_lair_shrubbed, serial_glass, glass_columns_c,
          glass_columns_a, glass_columns_a, glass_columns_a,
          minmay_misc_feat_rugged, bh_walls_and_bars
D:11:     layout_long_grid

Skill      XL: |  1  2  3  4  5  6  7  8  9 10 11 |
---------------+----------------------------------+-----
Long Blades    | 4 5 6 8 9 11 13 14 | 14.0
Fighting       | 7 10 | 10.0
Evocations     | 5 |  5.0
Armour         | 6 8 |  8.0
Throwing       | 5 6 |  6.7
Dodging        | |  2.1

Action                   |  1- 3 |  4- 6 |  7- 9 | 10-12 || total
-------------------------+-------+-------+-------+-------++-------
Melee: Falchion          |    62 |   116 |   296 |     3 ||   477
       Headbutt          |    10 |    23 |    88 |    85 ||   206
       Long sword        |       |       |       |   282 ||   282
Throw: Throwing net      |       |       |       |     3 ||     3
Invok: Berserk           |     1 |     3 |     4 |    12 ||    20
       Trog's Hand       |       |     3 |     8 |    12 ||    23
  Use: Scroll            |     3 |     1 |     2 |     3 ||     9
 Stab: Sleeping          |     1 |       |       |       ||     1
       Held in net/web   |       |       |       |     1 ||     1
Armor: Animal skin       |     8 |    10 |       |       ||    18
       Chain mail        |       |    46 |   121 |   113 ||   280
Dodge: Dodged            |    32 |    74 |   146 |   108 ||   360
       Rpst.: Falchion   |     9 |    21 |    35 |       ||    65
       Long sword        |       |       |       |    22 ||    22
